 Dungeon Crawl Stone Soup version 0.27-a0-686-gaed091b46b (webtiles) character file.

Game seed: 15488932554660035949

136766 jasper the Severer (level 16, 0/119 (132) HPs)
             Began as a Demonspawn Delver on Mar 21, 2021.
             Was the Champion of Ru.
             Succumbed to a sea snake's poison
             ... on level 2 of the Shoals.
             The game lasted 00:48:10 (25720 turns).

jasper the Severer (Demonspawn Delver)             Turns: 25720, Time: 00:48:11

HP:   0/119 (132)   AC: 29    Str: 25    XL:     16   Next: 67%
MP:   12/16         EV: 17    Int: 11    God:    Ru [******]
Gold: 295           SH:  9    Dex: 14    Spells: 15/15 levels left

rFire    + . .     SeeInvis .   p - +9 battleaxe (vorpal)
rCold    . . .     Faith    .   (shield currently unavailable)
rNeg     . . .     Spirit   .   X - +5 ring mail "Goxtiut" {rElec rF+ Regen+ Str+4}
rPois    .         Reflect  +   Y - +2 hat
rElec    +         Harm     .   b - +2 cloak
rCorr    .         Rampage  .   y - +2 pair of gloves
Will     +....                  (boots unavailable)
Stlth    ++........             Q - amulet of reflection
HPRegen  1.29/turn              S - ring of protection from cold
MPRegen  0.15/turn              Z - ring of protection from fire

@: lethally poisoned (0 -> -18), exhausted, unable to drink, drained
A: no potions, talons 3, iridescent scales 2, dopey 1, foul stench 3, icemail 1,
inability to drink while threatened, inability to use devices, temperature
sensitive, condensation shield, horns 1, strong 1, wild magic 1
a: Renounce Religion, Draw Out Power, Power Leap, Apocalypse


You were on level 2 of the Shoals.
You worshipped Ru.
Ru was exalted by your worship.
You visited 4 branches of the dungeon, and saw 26 of its levels.
You also visited: Bailey and Ice Cave.

You collected 2459 gold pieces.
You spent 2164 gold pieces at shops.

Inventory:

Hand Weapons
 p - a +9 vorpal battleaxe (weapon)
 K - a +2 antimagic war axe
Missiles
 g - a throwing net
 r - 617 stones
 s - 19 javelins
 w - 15 silver javelins
 A - 3 silver boomerangs
 C - 80 boomerangs (quivered)
 G - 91 poisoned darts
Armour
 b - a +2 cloak (worn)
 y - a +2 pair of gloves (worn)
 X - the +5 ring mail "Goxtiut" (worn) {rElec rF+ Regen+ Str+4}
   (You found it on level 2 of the Lair of Beasts)

   It affects your strength (+4).
   It protects you from fire.
   It insulates you from electricity.
   It increases your rate of regeneration.
 Y - a +2 hat (worn)
Jewellery
 e - a ring of ice
 l - a ring of willpower
 n - a ring of willpower
 x - an amulet of regeneration
 B - the ring "Votifugh" {rN+ Int+2 SInv Stlth+}
   (You took it off Agnes on level 15 of the Dungeon)

   [ring of see invisible]

   It affects your intelligence (+2).
   It protects you from negative energy.
   It lets you see invisible.
   It makes you more stealthy.
 Q - an amulet of reflection (around neck)
 S - a ring of protection from cold (right hand)
 Z - a ring of protection from fire (left hand)
Scrolls
 c - 3 scrolls of fog
 d - 4 scrolls of magic mapping
 k - 5 scrolls of teleportation
 o - 4 scrolls of torment
 D - 3 scrolls of blinking
 E - 3 scrolls of enchant weapon
 F - 4 scrolls of amnesia
 I - 4 scrolls of immolation
 N - 2 scrolls of enchant armour
 P - 2 scrolls of fear
 R - a scroll of summoning
 V - 11 scrolls of identify
 W - a scroll of vulnerability
Potions
 a - 8 potions of invisibility
 f - 16 potions of curing
 h - 11 potions of heal wounds
 i - 3 potions of might
 j - 5 potions of brilliance
 m - 2 potions of ambrosia
 u - 7 potions of resistance
 v - 4 potions of mutation
 z - 6 potions of haste
 H - a potion of berserk rage
 L - 4 potions of lignification
 M - 4 potions of attraction
 O - 2 potions of magic
 U - a potion of flight


   Skills:
 + Level 13.9 Fighting
 * Level 17.0 Axes
 + Level 12.5 Armour
 + Level 12.7 Dodging
 - Level 4.5 Stealth


You had 15 spell levels left.
You didn't know any spells.
Your spell library contained the following spells:

 Spells                   Type           Power      Damage    Failure   Level
 Foxfire                  Conj/Fire      0%         2x1d4     52%         1
 Freeze                   Ice            0%         1d3       52%         1
 Shock                    Conj/Air       0%         1d3       52%         1
 Summon Small Mammal      Summ           0%         N/A       52%         1
 Call Imp                 Summ           0%         N/A       67%         2
 Poisonous Vapours        Pois/Air       0%         N/A       67%         2
 Swiftness                Air            0%         N/A       67%         2
 Call Canine Familiar     Summ           0%         N/A       87%         3
 Confusing Touch          Hex            0%         N/A       87%         3
 Conjure Flame            Conj/Fire      0%         6-21      87%         3
 Frozen Ramparts          Ice            0%         1d2       87%         3
 Gell's Gravitas          Tloc           0%         N/A       87%         3
 Inner Flame              Hex/Fire       0%         N/A       87%         3
 Mephitic Cloud           Conj/Pois/Air  0%         N/A       87%         3
 Ozocubu's Armour         Ice            0%         N/A       87%         3
 Static Discharge         Conj/Air       0%         N/A       87%         3
 Summon Guardian Golem    Hex/Summ       0%         N/A       87%         3
 Airstrike                Air            0%         N/A       99%         4
 Hailstorm                Conj/Ice       0%         3d3       99%         4
 Petrify                  Tmut/Erth      0%         N/A       99%         4
 Sticky Flame             Conj/Fire      0%         2d3       99%         4
 Summon Ice Beast         Ice/Summ       0%         N/A       99%         4
 Summon Lightning Spire   Summ/Air       0%         N/A       99%         4
 Bolt of Magma            Conj/Fire/Erth 0%         4d4       100%        5
 Fireball                 Conj/Fire      0%         3d3       100%        5
 Iskenderun's Battlesphe  Conj           0%         2d6       100%        5
 Lightning Bolt           Conj/Air       0%         1d11      100%        5
 Metabolic Englaciation   Hex/Ice        0%         N/A       100%        5
 Yara's Violent Unravell  Hex/Tmut       0%         3d3       100%        5
 Freezing Cloud           Conj/Ice/Air   0%         6-21      100%        6
 Iron Shot                Conj/Erth      0%         9d1       100%        6
 Orb of Destruction       Conj           0%         N/A       100%        7
 Spellforged Servitor     Conj/Summ      0%         N/A       100%        7


Dungeon Overview and Level Annotations

Branches:
Dungeon (15/15)            Temple (0/1) D:6            Lair (6/6) D:11
 Shoals (3/4) Lair:2        Snake (0/4) Lair:3        Slime (0/5) Lair:5
    Orc (2/2) D:12            Elf (0/3) Orc:2        Vaults (0/5) D:13
 Depths (0/5) D:15         Bailey (visited)           IceCv (visited)

Altars:
Gozag
Hepliaklqana
Qazlal
Ru
Trog
Wu Jian
Xom
Beogh
Jiyva

Shops:
D:11 [   D:14 !   Orc:2 [*=((   Shoals:2 !

Annotations:
D:10 2 transporters
Lair:2 exclusion: door
Shoals:3 Ilsuiw


Innate Abilities, Weirdness & Mutations

You cannot drink.
You have claws for feet.
You are mostly covered in iridescent scales. (AC +4)
You are dopey. (Int -2)
You frequently emit foul miasma when damaged in melee.
A meltable icy envelope protects you from harm. (AC +4)
You cannot drink potions while threatened.
You cannot study or use magical devices.
You are sensitive to extremes of temperature. (rF-, rC-)
A meltable shield of frost defends you. (SH +4)
You have a pair of small horns on your head.
Your muscles are strong. (Str +2)
Your spells are a little harder to cast, but a little more powerful.


Message History

The sea snake looks even sicker.
Ilsuiw begins to cast a spell, but is stunned by your conviction!
You take 2 damage, and have 33/118 hp.
The barbed spikes dig painfully into your body as you move.
* * * LOW HITPOINT WARNING * * *
There is a stone staircase leading up here.
You take 4 damage, and have 29/118 hp.
The barbed spikes dig painfully into your body as you move.
* * * LOW HITPOINT WARNING * * *
You climb upwards.
There is a stone staircase leading down here.
You take 2 damage, and have 27/118 hp.
You closely miss the sea snake. You claw the sea snake.
Your headbutt misses the sea snake.
The sea snake is moderately wounded.
The sea snake bites you.
* * * LOW HITPOINT WARNING * * *
You are poisoned.
The sea snake poisons you!
You take 2 damage, and have 25/118 hp.
You slice the sea snake!! Your kick misses the sea snake.
The sea snake is severely wounded.
You carefully extract the barbed spikes from your body.
* * * LOW HITPOINT WARNING * * *
You feel very sick. The sea snake bites you!!
* * * LOW HITPOINT WARNING * * *
You focus your inner power and paralyse the sea snake in retribution!
You take 21 damage, and have 4/118 hp.
You cannot drink potions in your current state!
Unknown command.
You're too exhausted to draw out your power.
The helpless sea snake fails to defend itself.
You slice the sea snake!!
You kill the sea snake!
* * * LOW HITPOINT WARNING * * *
You feel very sick.
You take 2 damage, and have 2/119 hp.
There is a lethal amount of poison in your body!
You die...

.....##.............≈≈....≈≈≈≈≈≈.
≈≈..((......≈..............≈≈≈≈≈.
≈≈≈≈≈≈....≈≈≈≈.....#######.≈≈≈≈≈.
≈≈≈≈≈≈≈≈≈≈..)..##### #≈≈≈≈≈≈≈
≈≈≈≈≈≈≈≈≈≈≈.####### ##≈≈≈≈≈≈≈
≈≈≈≈≈≈≈≈≈≈≈<..###.# ##..≈≈≈≈≈≈
.≈≈≈≈≈≈≈≈≈≈≈≈....## #..≈≈≈≈≈≈≈
....≈≈≈≈≈≈≈≈≈.....## ##.≈≈≈≈≈≈≈
.....≈≈≈≈≈≈≈≈≈..@..## ##.≈≈≈≈≈≈≈
.###.≈≈.≈≈≈≈≈≈.....####..≈≈≈≈≈≈≈
#..≈≈≈≈≈≈≈.......##..≈≈≈≈≈≈≈≈
#.≈≈≈≈≈≈≈≈..........≈≈≈≈≈≈≈≈≈
>.≈≈≈≈≈≈≈≈..###....≈≈≈≈≈≈≈≈≈≈
≈≈≈≈≈≈≈≈..###..≈≈≈≈≈≈≈≈≈≈≈≈
≈≈≈≈≈≈≈≈....÷≈≈.≈≈≈≈≈≈≈≈≈≈
≈≈≈≈≈≈≈≈≈≈≈≈≈≈.≈≈≈≈≈≈≈≈≈≈
≈≈≈≈≈≈≈≈≈≈≈≈≈≈≈≈≈≈≈≈≈≈≈≈


There were no monsters in sight!

Vanquished Creatures
  Saint Roka (Orc:2)
  Jorgrun (D:12)
  Rupert (D:12)
  Agnes (D:15)
  Polyphemus (Shoals:1)
  A fire giant (D:15)
  An ironbound preserver (D:13)
  A merfolk javelineer (Shoals:1)
  Snorg (Orc:1)
  5 merfolk impalers
  A fire dragon (Lair:6)
  6 boulder beetles
  7 hydras
  Erolcha (D:9)
  A death knight (D:14)
  2 catoblepae
  A merfolk aquamancer (Shoals:3)
  A merfolk avatar (Shoals:3)
  2 centaur warriors
  The ghost of DarkMailMan the Basher, a novice MiFi of Okawaru (D:11)
  20 death yaks
  3 orc high priests
  6 two-headed ogres
  Sonja (D:12)
  Urug (D:13)
  2 sea snakes (Shoals:2)
  6 skeletal warriors
  An obsidian statue (D:11)
  An orange crystal statue (D:11)
  A lindwurm (Lair:6)
  2 wolf spider zombies
  11 orc knights
  A phantasmal warrior (D:14)
  5 ugly things
  3 harpies (Shoals:2)
  5 oklob plants
  3 orc sorcerers
  4 cyclopes
  11 manticores
  A centaur zombie (D:14)
  Maurice (D:11)
  7 black mambas
  2 ice statues (IceCv)
  2 water nymphs
  2 molten gargoyles (Lair:6)
  Maggie (D:8)
  2 gargoyles
  2 merfolk sirens
  A kobold demonologist (D:13)
  10 cane toads
  3 freezing wraiths (D:14)
  7 komodo dragons
  4 rime drakes (Lair:6)
  11 merfolk
  4 polar bears
  3 meliai (D:13)
  10 trolls
  A jumping spider (Lair:2)
  A wind drake (Shoals:1)
  3 snapping turtles
  9 slime creatures (D:15)
  8 blink frogs (Lair:6)
  2 dream sheep (Shoals:1)
  3 spriggans (D:11)
  A tarantella (Lair:2)
  A redback (Lair:2)
  8 wyverns
  72 yaks
  2 vampires
  6 water elementals
  2 shadows (D:15)
  2 wraiths
  8 basilisks
  A hog (shapeshifter) (D:14)
  3 vampire mosquitoes (D:15)
  2 steam dragons
  An acid dragon (D:13)
  A soldier ant (D:11)
  7 wargs
  3 nagas (Lair:3)
  Duvessa (D:6)
  14 water moccasins
  2 sky beasts
  5 hell hounds (Lair:6)
  47 orc warriors
  18 ice beasts
  A necrophage (D:11)
  16 wolves
  17 ogres
  26 centaurs
  4 phantoms
  4 kobold brigands
  Blork the orc (D:6)
  13 bullfrogs
  A gnoll sergeant (D:10)
  2 wyvern zombies
  4 scorpions
  2 wyvern skeletons
  Dowan (D:6)
  5 killer bees (D:10)
  12 wights
  4 howler monkeys
  4 electric eels (D:12)
  5 lava snakes (Lair:6)
  4 jellies
  2 quasits
  6 hounds
  Crazy Yiuf (D:3)
  19 orc priests
  7 centaur skeletons
  3 iguanas
  Natasha (twice) (D:2)
  21 orc wizards
  14 worker ants
  5 hell rats (Lair:6)
  A hound skeleton (D:4)
  9 adders
  3 gnolls (D:10)
  2 howler monkey skeletons
  2 worker ant zombies
  2 shadow imps
  4 ufetubi
  3 oozes
  2 adder skeletons
  2 adder zombies
  A worm (D:5)
  A dart slug (D:2)
  A leopard gecko (D:2)
  114 orcs
  3 ball pythons
  8 giant cockroaches
  10 goblins
  5 hobgoblins
  8 jackals
  4 quokkas
  7 bats
  4 frilled lizards
  2 jackal skeletons
  A jackal zombie (D:8)
  26 kobolds
  A leopard gecko skeleton (D:4)
  2 quokka skeletons
  8 rats
873 creatures vanquished.

Vanquished Creatures (others)
  A boulder beetle (D:9)
  A lindwurm (Lair:6)
  A cyclops (Orc:1)
  A black mamba (Lair:6)
  2 komodo dragons
  A slime creature (D:15)
  A water elemental (Shoals:2)
  3 yaks
  A water moccasin (Lair:3)
  An orc warrior (D:15)
  An ogre (Orc:1)
  An orc (Orc:1)
  A bush (Lair:6)
  27 fungi
  50 plants
93 creatures vanquished.

Grand Total: 966 creatures vanquished

Notes
Turn   | Place    | Note
-------+----------+-------------------------------------------
     0 | D:5      | jasper the Demonspawn Delver began the quest for the Orb.
     0 | D:5      | Reached XP level 1. HP: 18/18 MP: 1/1
   101 | D:4      | Noticed a worker ant
   107 | D:3      | Found a sacrificial altar of Ru.
   114 | D:3      | Found an ornate altar of the Wu Jian Council.
   114 | D:3      | Found a shimmering altar of Xom.
   133 | D:3      | Became a worshipper of Ru the Awakened
   304 | D:2      | Reached skill level 2 in Axes
   307 | D:2      | Gained mutation: You are partially covered in iridescent
                  | scales. (AC +2) [demonic ancestry]
   307 | D:2      | Reached XP level 2. HP: 19/24 MP: 2/2
  1357 | D:1      | Gained mutation: A meltable shield of frost defends you.
                  | (SH +4) [demonic ancestry]
  1357 | D:1      | Reached XP level 3. HP: 27/29 MP: 3/3
  1444 | D:1      | Gained mutation: You cannot study or use magical devices.
                  | [Ru sacrifice]
  1444 | D:1      | Reached * piety under Ru
  1444 | D:1      | Reached ** piety under Ru
  1552 | D:2      | Found an opulent altar of Gozag.
  1590 | D:2      | Reached skill level 1 in Armour
  2027 | D:2      | Noticed Natasha
  2050 | D:2      | Killed Natasha
  2051 | D:2      | Reached XP level 4. HP: 18/35 MP: 4/4
  2282 | D:2      | Noticed Natasha
  2285 | D:2      | Gained mutation: Your muscles are strong. (Str +2) [potion
                  | of mutation]
  2285 | D:2      | Gained mutation: You have a pair of small horns on your
                  | head. [potion of mutation]
  2285 | D:2      | Gained mutation: Your spells are a little harder to cast,
                  | but a little more powerful. [potion of mutation]
  2301 | D:2      | Killed Natasha
  2302 | D:2      | Reached skill level 3 in Axes
  3021 | D:3      | Found a faded altar of an unknown god.
  3223 | D:3      | Found a runed translucent door.
  3224 | D:3      | Noticed Crazy Yiuf
  3278 | D:3      | Gained mutation: You have sharp toenails. [demonic
                  | ancestry]
  3278 | D:3      | Reached XP level 5. HP: 38/42 MP: 5/5
  3464 | D:3      | Killed Crazy Yiuf
  3940 | D:4      | Gained mutation: You may rarely emit foul miasma when
                  | damaged in melee. [demonic ancestry]
  3940 | D:4      | Reached XP level 6. HP: 41/48 MP: 6/6
  4009 | D:4      | Reached skill level 4 in Axes
  4729 | D:4      | Reached XP level 7. HP: 38/55 MP: 7/7
  5208 | D:5      | Reached skill level 5 in Axes
  5208 | D:5      | Gained mutation: You are sensitive to extremes of
                  | temperature. (rF-, rC-) [Ru sacrifice]
  5208 | D:5      | Reached *** piety under Ru
  5208 | D:5      | Reached **** piety under Ru
  5208 | D:5      | Reached ***** piety under Ru
  5464 | D:5      | Found a bloodstained altar of Trog.
  5944 | D:5      | Reached skill level 5 in Fighting
  6157 | D:6      | Reached XP level 8. HP: 62/62 MP: 8/8
  6297 | D:6      | Reached skill level 6 in Axes
  6403 | D:6      | Noticed Blork the orc
  6405 | D:6      | Noticed Duvessa
  6405 | D:6      | Noticed Dowan
  6415 | D:6      | Killed Blork the orc
  6416 | D:6      | Killed Duvessa
  6416 | D:6      | Killed Dowan
  6613 | D:6      | Found a staircase to the Ecumenical Temple.
  7102 | D:7      | Found a hazy altar of Hepliaklqana.
  7241 | D:7      | Reached skill level 5 in Dodging
  7325 | D:7      | Reached skill level 7 in Axes
  7475 | D:7      | Gained mutation: You are mostly covered in iridescent
                  | scales. (AC +4) [demonic ancestry]
  7475 | D:7      | Reached XP level 9. HP: 69/69 MP: 9/9
  7695 | D:8      | Gained mutation: You are dopey. (Int -2) [Ru sacrifice]
  7898 | D:8      | Noticed Maggie
  7910 | D:8      | Killed Maggie
  7911 | D:8      | Reached skill level 5 in Armour
  8004 | D:8      | Noticed a troll
  8011 | D:8      | Killed a troll
  8012 | D:8      | Reached skill level 8 in Axes
  8666 | D:9      | Noticed a boulder beetle
  8667 | D:9      | Noticed a manticore
  8675 | D:9      | Killed a boulder beetle
  8676 | D:9      | Gained mutation: You sometimes emit foul miasma when
                  | damaged in melee. [demonic ancestry]
  8676 | D:9      | Reached XP level 10. HP: 33/79 MP: 1/10
  8679 | D:9      | Killed a manticore
  8744 | D:9      | Noticed Erolcha
  8750 | D:9      | Killed Erolcha
  8751 | D:9      | Reached skill level 9 in Axes
  9077 | D:9      | Gained mutation: You cannot drink potions while threatened.
                  | [Ru sacrifice]
  9077 | D:9      | Reached ****** piety under Ru
  9327 | D:9      | Noticed a two-headed ogre
  9332 | D:9      | Killed a two-headed ogre
  9559 | D:10     | Entered Level 10 of the Dungeon
  9617 | D:10     | Reached skill level 10 in Axes
  9708 | D:10     | Noticed a gargoyle
  9715 | D:10     | Killed a gargoyle
  9782 | D:10     | Reached XP level 11. HP: 75/86 MP: 5/11
  9849 | D:10     | Noticed a two-headed ogre
  9855 | D:10     | Killed a two-headed ogre
 10251 | D:10     | Found a stormy altar of Qazlal.
 10325 | D:10     | Found a transporter.
 10363 | D:10     | Found a transporter.
 10363 | D:10     | Found a viscous altar of Jiyva.
 10363 | D:10     | Noticed a great orb of eyes
 10488 | D:11     | Found Zutit's Armour Shop.
 10488 | D:11     | Noticed Maurice
 10490 | D:11     | Killed Maurice
 10492 | D:11     | Noticed a boulder beetle
 10527 | D:10     | Killed a boulder beetle
 10590 | D:11     | Noticed a two-headed ogre
 10598 | D:11     | Killed a two-headed ogre
 10680 | D:11     | Noticed a two-headed ogre
 10687 | D:11     | Killed a two-headed ogre
 10688 | D:11     | Reached skill level 11 in Axes
 10732 | D:11     | Noticed an orange crystal statue
 10761 | D:11     | Killed an orange crystal statue
 10881 | D:11     | Noticed an oklob plant
 10895 | D:11     | Noticed an oklob plant
 10998 | D:11     | Found a staircase to the Lair.
 11066 | D:11     | Killed an oklob plant
 11072 | D:11     | Killed an oklob plant
 11224 | D:11     | Noticed an obsidian statue
 11483 | D:11     | Found a runed translucent door.
 11484 | D:11     | Identified the +7 trident "Itaonn" {pain, +Inv}
 11488 | D:11     | Noticed DarkMailMan's ghost (novice MiFi)
 11658 | D:11     | Gained mutation: You frequently emit foul miasma when
                  | damaged in melee. [demonic ancestry]
 11658 | D:11     | Reached XP level 12. HP: 82/90 MP: 3/12
 11675 | D:11     | Killed DarkMailMan's ghost
 11841 | Lair:1   | Entered Level 1 of the Lair of Beasts
 11970 | Lair:1   | Found a frozen archway.
 12022 | IceCv    | Entered an ice cave
 12025 | IceCv    | Found a transporter.
 12087 | IceCv    | Found a transporter.
 12092 | IceCv    | Reached skill level 12 in Axes
 12273 | Lair:1   | Reached skill level 10 in Fighting
 12996 | Lair:2   | Found a staircase to the Shoals.
 13124 | Lair:2   | Noticed an eight-headed hydra
 13137 | Lair:2   | Killed an eight-headed hydra
 13213 | Lair:2   | Gained mutation: You have razor-sharp toenails. [demonic
                  | ancestry]
 13213 | Lair:2   | Reached XP level 13. HP: 88/103 MP: 13/13
 13427 | Lair:2   | Found a runed translucent door.
 13660 | Lair:2   | Identified the +5 ring mail "Goxtiut" {rElec rF+ Regen+
                  | Str+4}
 14112 | Lair:2   | Identified the +7 whip of Itei {vamp, Int+2}
 14242 | Lair:3   | Reached skill level 13 in Axes
 14417 | Lair:3   | Found a staircase to the Snake Pit.
 15510 | Lair:4   | You fall into a shaft and drop 2 floors!
 15510 | Lair:6   | Entered Level 6 of the Lair of Beasts
 15527 | Lair:6   | Reached skill level 10 in Dodging
 15722 | Lair:6   | Reached skill level 10 in Armour
 15852 | Lair:6   | Reached skill level 14 in Axes
 15858 | Lair:6   | Reached XP level 14. HP: 102/103 MP: 7/14
 16013 | Lair:6   | Found a large runed translucent door.
 16014 | Lair:6   | Found a large runed translucent door.
 16940 | Lair:5   | Found a staircase to the Slime Pits.
 16940 | Lair:5   | Found a viscous altar of Jiyva.
 18304 | D:12     | Noticed Sonja
 18307 | D:12     | Noticed Jorgrun
 18309 | D:12     | Killed Sonja
 18330 | D:12     | Killed Jorgrun
 18331 | D:12     | Reached skill level 15 in Axes
 18515 | D:12     | Noticed Rupert
 18555 | D:12     | Killed Rupert
 19069 | D:12     | Found a staircase to the Orcish Mines.
 19357 | Orc:1    | Entered Level 1 of the Orcish Mines
 19368 | Orc:1    | Noticed Snorg
 19378 | Orc:1    | Killed Snorg
 19458 | Orc:1    | Gained mutation: You have claws for feet. [demonic
                  | ancestry]
 19458 | Orc:1    | Reached XP level 15. HP: 118/119 MP: 15/15
 19939 | Orc:2    | Entered Level 2 of the Orcish Mines
 19945 | Orc:2    | Found Xotiom's Weapon Shop.
 20094 | Orc:2    | Noticed Saint Roka
 20107 | Orc:2    | Killed Saint Roka
 20179 | Orc:2    | Found Vuohu's Antique Weapon Shop.
 20283 | Orc:2    | Found Jarayrr's Jewellery Shop.
 20312 | Orc:2    | Found Soplirph's General Store.
 20345 | Orc:2    | Bought a potion of invisibility for 112 gold pieces
 20545 | Orc:2    | Found a staircase to the Elven Halls.
 20708 | Orc:2    | Found Zuudoptugg's Antique Armour Shop.
 20715 | Orc:2    | Bought a polished chain mail for 294 gold pieces
 20715 | Orc:2    | Identified the +0 chain mail "Xiecemen" {rElec MP+9 Str+10}
                  | (You bought it in a shop on level 2 of the Orcish Mines)
 20844 | D:13     | Noticed Urug
 20852 | D:13     | Killed Urug
 20878 | D:13     | Found a flagged portal.
 20907 | Bailey   | Entered a bailey
 20978 | Bailey   | Identified a scroll of acquirement
 20978 | Bailey   | Acquired a +5 battleaxe of venom
 21286 | D:13     | Identified the +3 kite shield of the Solstice {rF- rCorr
                  | Int+4}
 21307 | D:13     | Found a gate to the Vaults.
 21826 | D:13     | Reached skill level 16 in Axes
 21990 | D:14     | Found a bloodstained altar of Trog.
 22118 | D:14     | Found Rashosyk's Distillery.
 22142 | D:14     | Bought a potion of curing for 36 gold pieces
 22142 | D:14     | Bought a potion of heal wounds for 60 gold pieces
 22142 | D:14     | Bought a potion of curing for 36 gold pieces
 22142 | D:14     | Bought a potion of heal wounds for 60 gold pieces
 22142 | D:14     | Bought a potion of haste for 120 gold pieces
 22142 | D:14     | Bought a potion of curing for 36 gold pieces
 22142 | D:14     | Bought a potion of curing for 36 gold pieces
 22142 | D:14     | Bought a potion of might for 48 gold pieces
 22142 | D:14     | Bought 2 potions of ambrosia for 192 gold pieces
 22791 | D:15     | Entered Level 15 of the Dungeon
 22839 | D:15     | Gained mutation: A meltable icy envelope protects you from
                  | harm. (AC +4) [demonic ancestry]
 22839 | D:15     | Reached XP level 16. HP: 108/108 MP: 16/16
 22890 | D:15     | Identified the ring "Votifugh" {rN+ Int+2 SInv Stlth+}
 22890 | D:15     | Noticed Agnes
 22898 | D:15     | Killed Agnes
 22945 | D:15     | Found a staircase to the Depths.
 23470 | Shoals:1 | Entered Level 1 of the Shoals
 23602 | Orc:2    | Bought an amulet of reflection for 540 gold pieces
 24745 | Shoals:2 | Noticed Polyphemus
 24760 | Shoals:1 | Killed Polyphemus
 25139 | Shoals:2 | Found Mineown's Distillery.
 25149 | Shoals:2 | Bought a potion of curing for 33 gold pieces
 25149 | Shoals:2 | Bought a potion of invisibility for 88 gold pieces
 25149 | Shoals:2 | Bought a potion of heal wounds for 55 gold pieces
 25149 | Shoals:2 | Bought a potion of heal wounds for 55 gold pieces
 25149 | Shoals:2 | Bought a potion of curing for 33 gold pieces
 25149 | Shoals:2 | Bought a potion of resistance for 110 gold pieces
 25149 | Shoals:2 | Bought a potion of resistance for 110 gold pieces
 25149 | Shoals:2 | Bought a potion of resistance for 110 gold pieces
 25250 | Shoals:2 | Reached skill level 17 in Axes
 25707 | Shoals:3 | Noticed Ilsuiw
 25718 | Shoals:2 | HP: 4/118 [sea snake (18)]
 25720 | Shoals:2 | Succumbed to a sea snake's poison

Illustrated notes

Levels and vault maps discovered:
D:1:      dpeg_arrival_court, layout_basic
D:2:      layout_basic, nicolae_gozag_seed_capital, chequers_garden,
          nrook_campfire, uniq_natasha
D:3:      layout_basic, gammafunk_temple_overflow_forgotten,
          chequers_ecumenical_altar_grove, uniq_crazy_yiuf_cottage
D:4:      minmay_wonky_spiral, layout_basic
D:5:      layout_loops_ring, lemuel_coloured_pillars_altar
D:6:      layout_gridville, temple_green, uniq_duvessa, uniq_blork_the_orc
D:7:      layout_basic, kennysheep_mini_moat
D:8:      layout_basic, uniq_maggie
D:9:      layout_long_grid, minmay_chambers_of_fives, uniq_erolcha
D:10:     gammafunk_jiyva_shrine, layout_loops_ring, basic_altar
D:11:     minmay_separated_statues, layout_rooms, dpeg_oklobed_lair,
          serial_shops, shop, ebering_ghost_funeral_grove, serial_corexii_hall,
          corexii_hall_statues_l, corexii_hall_statues_i,
          corexii_hall_statues_l, chequers_hall_statues_corner_a, uniq_maurice
D:12:     layout_basic, orc_0_dummy, uniq_sonja, uniq_jorgrun, uniq_rupert
D:13:     layout_irregular_city, skrybe_vaults_entry_preservation,
          enter_bailey_2, uniq_urug
D:14:     layout_loops_ring, basic_altar, columned_hall_lemuel, serial_shops,
          shop
D:15:     grunt_enter_depths_giant_problem, layout_rooms,
          grunt_decor_resistance, uniq_agnes
Lair:1:   layout_regular_city, portal_ice_cave_entry_ice_beasts,
          minmay_lair_oklob_chamber, grunt_megastairs_3
Lair:2:   gammafunk_indiana_jones, layout_long_grid, elwin_shoals_entry_rocks
Lair:3:   layout_hall_layers, minmay_snake_entry_guardpost_small
Lair:4:   layout_cave_shapes, grunt_megastairs_1
Lair:5:   layout_regular_city, slime_altar_1, grunt_megastairs_4
Lair:6:   cheibrodos_lair_end_hotspot, layout_regular_city
Shoals:1: layout_shoals, nicolae_shoals_circle_sea_wall
Shoals:2: layout_shoals, serial_shops, shop, uniq_polyphemus
Shoals:3: layout_shoals, serial_shops, shop, uniq_donald, uniq_ilsuiw
Orc:1:    layout_caves, basic_altar, uniq_snorg
Orc:2:    grunt_orc_cross, layout_caves, serial_shops, shop

Skill      XL: |  1  2  3  4  5  6  7  8  9 10 11 12 13 14 15 16 |
---------------+-------------------------------------------------+-----
Axes           | 2 3 4 5 7 8 10 11 12 14 15 16 17 | 17.0
Dodging        | 2 3 4 5 6 7 8 9 10 11 12 | 12.7
Armour         | 1 2 3 4 5 6 8 9 10 11 12 | 12.5
Fighting       | 4 5 6 7 8 9 10 11 12 13 | 13.9
Stealth        | |  4.5

Action                   |  1- 3 |  4- 6 |  7- 9 | 10-12 | 13-15 | 16-18 || total
-------------------------+-------+-------+-------+-------+-------+-------++-------
Melee: Hand axe          |   189 |    47 |       |       |       |       ||   236
       War axe           |       |    84 |   144 |       |       |       ||   228
       Headbutt          |       |    23 |    41 |    89 |   232 |    50 ||   435
       Kick              |       |    21 |    71 |   142 |   348 |    88 ||   670
       Battleaxe         |       |       |    55 |   374 |   865 |   230 ||  1524
       Flail             |       |       |       |     5 |       |       ||     5
Throw: Stone             |    16 |    27 |    19 |       |       |       ||    62
       Boomerang         |       |       |    45 |    13 |     5 |    42 ||   105
       Dart              |       |       |       |    23 |    33 |       ||    56
Invok: Sacrifice Artific |     1 |       |       |       |       |       ||     1
       Power Leap        |       |       |    10 |    12 |     5 |     3 ||    30
       Sacrifice Resista |       |       |     1 |       |       |       ||     1
       Apocalypse        |       |       |     2 |     8 |    17 |     3 ||    30
       Sacrifice Purity  |       |       |     1 |       |       |       ||     1
       Sacrifice Drink   |       |       |       |     1 |       |       ||     1
  Use: Potion            |     2 |     3 |     3 |     2 |     2 |       ||    12
       Scroll            |     1 |     7 |     6 |     6 |    14 |       ||    34
 Stab: Invisible         |       |       |     1 |     8 |    11 |     1 ||    21
       Distracted        |       |       |     1 |     4 |     2 |     2 ||     9
       Paralysed         |       |       |       |     9 |    32 |     9 ||    50
       Sleeping          |       |       |       |       |     4 |       ||     4
       Petrified         |       |       |       |       |       |     1 ||     1
Armor: Plate armour      |   168 |   103 |   166 |   302 |     3 |       ||   742
       Ring mail         |       |       |       |       |   325 |    99 ||   424
Dodge: Dodged            |    33 |    24 |    76 |   200 |   594 |   154 ||  1081
Block: Other             |     8 |    20 |    26 |    79 |   137 |    76 ||   346
       Reflection        |       |       |       |       |       |     5 ||     5

Table legend: (Time is in decaauts)
 A = Elapsed time spent in this place.
 B = Non-inter-level travel time spent in this place.
 C = Inter-level travel time spent in this place.
 D = Time resting spent in this place.
 E = Time spent auto-exploring this place.
 F = Levels seen in this place.
 G = Mean time per level.
                   A        B        C        D        E       F      G
               +--------+--------+--------+--------+--------+-----+--------+
         Total |  26001 |  24524 |   1477 |   1757 |  17316 |  28 |  928.6 |
       Dungeon |  15592 |  14846 |    746 |   1086 |  10757 |  15 | 1039.5 |
          Lair |   6421 |   6004 |    417 |    156 |   4647 |   6 | 1070.2 |
        Shoals |   2092 |   1887 |    205 |    378 |    976 |   3 |  697.3 |
  Orcish Mines |   1509 |   1401 |    108 |     41 |    870 |   2 |  754.5 |
        Bailey |    249 |    249 |      0 |     25 |     50 |   1 |  249.0 |
      Ice Cave |    135 |    135 |      0 |     71 |     14 |   1 |  135.0 |
               +--------+--------+--------+--------+--------+-----+--------+

Top non-repeatable levels by time:
     D:4: 1441 daAuts
     D:3: 1425 daAuts
  Lair:2: 1402 daAuts
    D:11: 1350 daAuts
     D:2: 1285 daAuts
  Lair:6: 1267 daAuts
    D:12: 1259 daAuts
     D:5: 1113 daAuts
Shoals:1: 1085 daAuts
  Lair:1: 1072 daAuts
  Lair:3: 1061 daAuts
     D:8: 1060 daAuts
    D:10: 997 daAuts
     D:1: 918 daAuts
     D:9: 892 daAuts
